3015 views
Uploaded 2020-03-29 20:21:27
Game version 1.32.3
3:05 long 3on3 ladder game on (6)UpperKingdom
Saved by BEARAND
3015 views
Uploaded 2020-03-29 20:21:27
Game version 1.32.3
3:05 long 3on3 ladder game on (6)UpperKingdom


/ 0k
26 buildings @ 1.9k
/ 0.6k

| Peasant | 13 | 975 | / | 0 |
| total: | 13 | 975g | / | 0w |
| Scout Tower | 7 | 210 | / | 140 |
| Arcane Tower | 4 | 280 | / | 200 |
| Altar of Kings | 1 | 180 | / | 50 |
| Farm | 2 | 160 | / | 40 |
| Lumber Mill | 1 | 120 | / | 0 |
| total: | 11 | 670g | / | 230w |
| 0:04 | Altar of Kings |
| 0:05 | Peasant |
| 0:06 | Peasant |
| 0:10 | Farm |
| 0:26 | Peasant |
| 0:35 | Farm |
| 0:39 | Lumber Mill |
| 0:41 | Peasant |
| 0:59 | Scout Tower |
| 1:03 | Peasant |
| 1:14 | Scout Tower |
| 1:17 | Peasant |
| 1:29 | Arcane Tower |
| 1:31 | Scout Tower |
| 1:36 | Peasant |
| 1:43 | Peasant |
| 1:48 | Arcane Tower |
| 1:54 | Peasant |
| 1:58 | Arcane Tower |
| 2:07 | Blizzard |
| 2:11 | Scout Tower |
| 2:14 | Peasant |
| 2:14 | Peasant |
| 2:23 | Scout Tower |
| 2:28 | Peasant |
| 2:31 | Scout Tower |
| 2:35 | Peasant |
| 2:41 | Arcane Tower |
| 2:43 | Scout Tower |
| Right click | 87 |
| Select | 41 |
| Select group | 39 |
| Build/train/purchase | 22 |
| Chat | 21 |
| Misc. action | 8 |
| Minimap ping | 6 |
| Assign group | 3 |
| Use ability | 2 |

| Peasant | 11 | 825 | / | 0 |
| total: | 11 | 825g | / | 0w |
| Scout Tower | 8 | 240 | / | 160 |
| Arcane Tower | 3 | 210 | / | 150 |
| Guard Tower | 6 | 420 | / | 300 |
| Altar of Kings | 1 | 180 | / | 50 |
| Farm | 2 | 160 | / | 40 |
| Lumber Mill | 1 | 120 | / | 0 |
| total: | 12 | 700g | / | 250w |
| 0:01 | Peasant |
| 0:01 | Peasant |
| 0:02 | Peasant |
| 0:07 | Altar of Kings |
| 0:17 | Farm |
| 0:20 | Lumber Mill |
| 0:38 | Peasant |
| 0:52 | Scout Tower |
| 0:55 | Peasant |
| 1:08 | Peasant |
| 1:17 | Scout Tower |
| 1:19 | Peasant |
| 1:21 | Arcane Tower |
| 1:32 | Scout Tower |
| 1:36 | Farm |
| 1:38 | Peasant |
| 1:38 | Peasant |
| 2:01 | Arcane Tower |
| 2:07 | Blizzard |
| 2:11 | Guard Tower |
| 2:16 | Scout Tower |
| 2:21 | Peasant |
| 2:21 | Peasant |
| 2:22 | Scout Tower |
| 2:30 | Scout Tower |
| 2:50 | Scout Tower |
| 2:50 | Guard Tower |
| 2:51 | Guard Tower |
| 2:52 | Scout Tower |
| Right click | 187 |
| Select | 64 |
| Build/train/purchase | 24 |
| Select group | 18 |
| Chat | 15 |
| Assign group | 9 |
| Use ability | 2 |
| Minimap ping | 1 |

| Wisp | 16 | 960 | / | 0 |
| total: | 16 | 960g | / | 0w |
| Altar of Elders | 1 | 180 | / | 50 |
| Moon Well | 2 | 360 | / | 80 |
| total: | 3 | 540g | / | 130w |
| 0:01 | Wisp |
| 0:03 | Altar of Elders |
| 0:04 | Wisp |
| 0:17 | Moon Well |
| 0:20 | Wisp |
| 0:31 | Wisp |
| 0:35 | Wisp |
| 0:44 | Wisp |
| 1:01 | Wisp |
| 1:07 | Moon Well |
| 1:24 | Wisp |
| 1:37 | Wisp |
| 1:43 | Wisp |
| 1:52 | Wisp |
| 2:03 | Wisp |
| 2:09 | Wisp |
| 2:19 | Wisp |
| 2:28 | Entangling Roots |
| 2:37 | Wisp |
| 2:44 | Wisp |
| Assign group | 232 |
| Right click | 90 |
| Select group | 74 |
| Resource trade | 60 |
| Select | 38 |
| Build/train/purchase | 18 |
| Chat | 7 |
| Use ability | 2 |
| Remove unit | 1 |
/ 0k
17 buildings @ 2.8k
/ 0.9k

| Wisp | 10 | 600 | / | 0 |
| Archer | 1 | 130 | / | 10 |
| total: | 11 | 730g | / | 10w |
| Altar of Elders | 1 | 180 | / | 50 |
| Moon Well | 2 | 360 | / | 80 |
| Ancient of War | 1 | 150 | / | 60 |
| Ancient of Wonders | 1 | 90 | / | 30 |
| Tree of Ages | 1 | 320 | / | 180 |
| total: | 5 | 780g | / | 220w |
| 0:03 | Wisp |
| 0:04 | Wisp |
| 0:06 | Altar of Elders |
| 0:20 | Wisp |
| 0:22 | Moon Well |
| 0:33 | Ancient of War |
| 0:45 | Wisp |
| 1:05 | Wisp |
| 1:06 | Wisp |
| 1:26 | Wisp |
| 1:35 | Archer |
| 1:44 | Wisp |
| 1:44 | Wisp |
| 1:54 | Wisp |
| 2:15 | Ancient of Wonders |
| 2:21 | Evasion |
| 2:21 | Evasion |
| 2:32 | Tree of Ages |
| 2:46 | Moon Well |
| Right click | 109 |
| Select | 43 |
| Chat | 43 |
| Build/train/purchase | 16 |
| Assign group | 3 |
| Use ability | 2 |
| Esc | 2 |
| Select group | 1 |
| Minimap ping | 1 |
| Wisp | 10 | 600 | / | 0 |
| total: | 10 | 600g | / | 0w |
| Ancient Protector | 2 | 270 | / | 160 |
| Altar of Elders | 1 | 180 | / | 50 |
| Moon Well | 2 | 360 | / | 80 |
| Hunter's Hall | 1 | 210 | / | 100 |
| Ancient of War | 1 | 150 | / | 60 |
| total: | 7 | 1170g | / | 450w |
| 0:04 | Wisp |
| 0:04 | Wisp |
| 0:04 | Wisp |
| 0:04 | Wisp |
| 0:25 | Altar of Elders |
| 0:33 | Moon Well |
| 0:54 | Wisp |
| 1:07 | Hunter's Hall |
| 1:12 | Wisp |
| 1:32 | Wisp |
| 1:43 | Ancient of War |
| 1:49 | Wisp |
| 2:00 | Moon Well |
| 2:08 | Wisp |
| 2:25 | Ancient Protector |
| 2:27 | Wisp |
| 2:48 | Ancient Protector |
| Select | 50 |
| Right click | 13 |
| Build/train/purchase | 10 |
| Use ability | 2 |

| Wisp | 10 | 600 | / | 0 |
| Archer | 2 | 260 | / | 20 |
| total: | 12 | 860g | / | 20w |
| Altar of Elders | 1 | 180 | / | 50 |
| Moon Well | 3 | 540 | / | 120 |
| Ancient of War | 1 | 150 | / | 60 |
| total: | 5 | 870g | / | 230w |
| 0:02 | Wisp |
| 0:02 | Wisp |
| 0:26 | Altar of Elders |
| 0:29 | Moon Well |
| 0:35 | Wisp |
| 0:36 | Wisp |
| 0:54 | Ancient of War |
| 0:57 | Wisp |
| 1:05 | Wisp |
| 1:33 | Moon Well |
| 1:36 | Wisp |
| 1:37 | Wisp |
| 1:52 | Wisp |
| 1:53 | Wisp |
| 1:58 | Archer |
| 2:21 | Moon Well |
| 2:25 | Archer |
| 2:34 | Entangling Roots |
| Right click | 82 |
| Select | 40 |
| Build/train/purchase | 14 |
| Assign group | 10 |
| Use ability | 6 |
| Select group | 2 |
| Misc. action | 1 |
⇛